 Dungeon Crawl Stone Soup version 0.19.5 (webtiles) character file.

985 Scud the Slinger (level 8, -5/54 HPs)
             Began as a Halfling Hunter on Mar 15, 2017.
             Shot with an arrow by a centaur (7 damage)
             ... on level 6 of the Dungeon.
             The game lasted 00:30:20 (5634 turns).

Scud the Slinger (Halfling Hunter)                  Turns: 5634, Time: 00:30:21

Health: -5/54      AC:  4    Str: 13    XL:     8   Next: 41%
Magic:  8/8        EV: 15    Int:  9    God:
Gold:   313        SH:  0    Dex: 17    Spells: 0 memorised, 7 levels left

rFire  . . .     SeeInvis .     a - +1 hunting sling
rCold  . . .     Gourm    .     c - +1 leather armour
rNeg   . . .     Faith    .     (shield restricted)
rPois  .         Spirit   .     (no helmet)
rElec  .         Reflect  .     (no cloak)
rCorr  .         Harm     .     (no gloves)
MR     .....                    (no boots)
Stlth  +++.......               (no amulet)
                                (no ring)
                                (no ring)

@: no status effects
A: mutation resistance 1
a: no special abilities


You were on level 6 of the Dungeon.
You were not hungry.

You visited 1 branch of the dungeon, and saw 6 of its levels.

You collected 313 gold pieces.

Inventory:

Hand Weapons
 a - a +1 hunting sling (weapon)
 b - a +0 short sword
 p - a +0 hunting sling
Missiles
 h - 131 stones (quivered)
Armour
 c - a +1 leather armour (worn)
Jewellery
 e - a +2 ring of protection {unknown}
 g - an uncursed ring of wizardry
 u - a cursed ring of protection from cold {unknown}
 y - an uncursed ring of protection from magic {unknown}
Scrolls
 i - 3 scrolls of identify
 k - 2 scrolls of fear
 t - a scroll of remove curse
 v - a scroll of teleportation
 w - a scroll of enchant weapon {unknown}
Potions
 j - 2 potions of heal wounds {unknown}
 l - 3 potions of agility {unknown}
 n - a potion of magic {unknown}
 o - a potion of mutation {unknown}
 q - 2 potions of degeneration {unknown}
 s - a potion of brilliance {unknown}
 x - a potion of might {unknown}
Comestibles
 f - a bread ration
 r - 4 meat rations


   Skills:
 + Level 3.7 Fighting
 + Level 0.5 Short Blades
 + Level 11.2 Slings
 + Level 2.1 Armour
 + Level 2.7 Dodging
 * Level 4.5 Stealth


You had 7 spell levels left.
You didn't know any spells.

Dungeon Overview and Level Annotations

Branches:
Dungeon (6/15)
 Temple: D:4-7

Altars:
Elyvilon
Hepliaklqana
Okawaru
Trog
Zin
The Shining One

Annotations:
D:5 Agrougrou's ghost, novice OgGl


Innate Abilities, Weirdness & Mutations

You are small and have problems with some larger weapons.
You are somewhat resistant to further mutation.


Message History

Press: ? - help, Shift-Dir - straight line, f/p - centaur
Aim: a centaur, wielding a shortbow (heavily wounded)
You shoot a sling bullet.
The sling bullet barely misses the centaur.
The centaur shoots an arrow.
The arrow hits you!
* * * LOW HITPOINT WARNING * * *
Firing (i - inventory):
h - 133 stones (quivered)
Press: ? - help, Shift-Dir - straight line, f/p - centaur
Aim: a centaur, wielding a shortbow (heavily wounded)
You shoot a stone. The stone hits the centaur.
The centaur is heavily wounded.
The centaur shoots an arrow.
The arrow hits you!
* * * LOW HITPOINT WARNING * * *
Firing (i - inventory):
h - 132 stones (quivered)
Press: ? - help, Shift-Dir - straight line, f/p - centaur
Aim: a centaur, wielding a shortbow (heavily wounded)
You shoot a stone. The stone hits the centaur.
The centaur is almost dead.
The centaur shoots an arrow.
The arrow hits you!
You die...

...............
................
............(...
................
................
................
.....(..........
.......<(.......
.......@........
.......(........
......[....$....
....<.....c.....
...........(....
............(...
.............(..
..(....(.....((.


You could see a centaur.

Vanquished Creatures
  A hungry ghost (D:4)
  2 sky beasts
  An ogre (D:4)
  A necrophage (D:3)
  A centaur (D:5)
  A bullfrog (D:6)
  A scorpion (D:4)
  A crimson imp (D:5)
  A jelly (D:5)
  A bullfrog skeleton (D:4)
  2 worker ants
  10 adders
  2 adder skeletons
  2 dart slugs (D:1)
  A worm (D:3)
  4 leopard geckos
  10 orcs
  2 giant cockroaches
  8 goblins
  8 hobgoblins
  5 jackals
  A quokka (D:3)
  A ball python (D:2)
  4 bats (D:1)
  8 frilled lizards
  A giant cockroach zombie (D:5)
  A goblin skeleton (D:5)
  A goblin zombie (D:5)
  3 hobgoblin zombies (D:5)
  8 kobolds
  2 kobold zombies (D:5)
  2 orc skeletons (D:5)
  An orc zombie (D:5)
  A rat (D:2)
99 creatures vanquished.

Notes
Turn   | Place    | Note
-------+----------+-------------------------------------------
     0 | D:1      | Scud the Halfling Hunter began the quest for the Orb.
     0 | D:1      | Reached XP level 1. HP: 14/14 MP: 1/1
     7 | D:1      | Reached skill level 6 in Slings
   107 | D:1      | Reached XP level 2. HP: 19/19 MP: 2/2
   439 | D:1      | Reached XP level 3. HP: 24/24 MP: 3/3
  1101 | D:2      | Found a hazy altar of Hepliaklqana.
  1363 | D:2      | Reached skill level 7 in Slings
  1566 | D:2      | Found a bloodstained altar of Trog.
  1701 | D:3      | Reached XP level 4. HP: 29/29 MP: 4/4
  1858 | D:3      | Found a glowing silver altar of Zin.
  2261 | D:3      | Reached XP level 5. HP: 35/35 MP: 5/5
  2265 | D:3      | Noticed a necrophage
  2270 | D:3      | Killed a necrophage
  2270 | D:3      | Reached skill level 8 in Slings
  2270 | D:3      | Reached XP level 6. HP: 32/41 MP: 6/6
  2432 | D:3      | Found a bloodstained altar of Trog.
  2738 | D:4      | Reached skill level 1 in Armour
  3004 | D:4      | Noticed an ogre
  3012 | D:4      | Killed an ogre
  3012 | D:4      | Reached skill level 9 in Slings
  3291 | D:4      | Reached XP level 7. HP: 45/45 MP: 7/7
  3295 | D:4      | Found an iron altar of Okawaru.
  3331 | D:4      | Noticed a hungry ghost
  3338 | D:4      | Killed a hungry ghost
  3485 | D:4      | Reached skill level 10 in Slings
  3998 | D:5      | Entered Level 5 of the Dungeon
  4358 | D:5      | Reached XP level 8. HP: 52/52 MP: 8/8
  4417 | D:5      | Found a glowing golden altar of the Shining One.
  4509 | D:5      | Found a white marble altar of Elyvilon.
  4700 | D:5      | Noticed Agrougrou's ghost (novice OgGl)
  4732 | D:5      | HP: 1/52 [Agrougrou's ghost (14)]
  5388 | D:6      | Reached skill level 11 in Slings
  5633 | D:6      | HP: 2/54 [centaur/arrow (10)]
  5634 | D:6      | Shot with an arrow by a centaur

Skill      XL: |  1  2  3  4  5  6  7  8 |
---------------+-------------------------+-----
Slings         | 6 7 8 9 10 11 | 11.2
Fighting       | 2 3 |  3.7
Stealth        | 2 3 4 |  4.5
Armour         | 1 2 |  2.1
Short Blades   | |  0.5
Dodging        | |  2.7

Action                   |  1- 3 |  4- 6 |  7- 9 || total
-------------------------+-------+-------+-------++-------
Melee: Short sword       |       |    14 |    12 ||    26
 Fire: Hunting sling     |    74 |   131 |   150 ||   355
  Use: Potion            |     3 |       |     1 ||     4
       Scroll            |     2 |     6 |       ||     8
  Eat: Bread ration      |     1 |     1 |     1 ||     3
       Meat ration       |       |       |     1 ||     1
Armor: Leather armour    |     3 |     8 |     6 ||    17
Dodge: Dodged            |     8 |    57 |    27 ||    92
